Cogmind - Beta 15 @@@ ROGUE MODE // 2025.07.23 @ 20:42:24 Player: beans Result: Destroyed by KP-FN9(R) with Subdweller Machine Gun Performance ------------- Evolutions (0) 0 Regions Visited (2) 400 Robots Destroyed (17) 85 Value Destroyed (406) 406 Prototype IDs (0) 0 Alien Tech Used (0) 0 Bonus (0) 0 TOTAL SCORE: 891 Bonus ------- None Cogmind --------- Core Integrity 0/250 Matter 300/300 Energy 100/100 System Corruption 0% Temperature Cool (0) Movement Core (100) Ox1 Location -10/Subcaves Parts ------- > --- POWER (1) -------- (None) > --- PROPULSION (2) --- (None) > --- UTILITY (2) ------ Utility Shielding > --- WEAPON (2) ------- Makeshift Axe > --- INVENTORY (5) ---- Machine Analyzer Subdweller Machine Gun Peak State ------------ > --- POWER ------------ (None) > --- PROPULSION ------- Light Treads > --- UTILITY ---------- Improved Heat Sink Utility Shielding > --- WEAPON ----------- Beam Cannon Light Assault Rifle > --- INVENTORY -------- (None) [Rating: 7] Favorites ----------- Power Light Ion Engine Engine Light Ion Engine Propulsion Light Treads Treads Light Treads Utility Utility Shielding Device Improved Heat Sink Protection Utility Shielding Weapon Light Assault Rifle Energy Cannon Beam Cannon Ballistic Gun Light Assault Rifle Slashing Weapon Makeshift Axe Build | -11 -10 -10 ------- Run | Yrd Mat Sub Slots Evolved . | . . . Power . | . . . Propulsion . | . . . Utility . | . . . Weapon . | . . . Parts Attached 8 | 4 3 1 Power 1 | 1 . . Engine 1 | 1 . . Core . | . . . Reactor . | . . . Propulsion 2 | 2 . . Treads 2 | 2 . . Leg . | . . . Wheel . | . . . Hover . | . . . Flight . | . . . Utility 2 | . 2 . Device 1 | . 1 . Storage . | . . . Processor . | . . . Hackware . | . . . Protection 1 | . 1 . Artifact . | . . . Weapon 3 | 1 1 1 Energy Gun . | . . . Energy Cannon 1 | . 1 . Ballistic Gun 1 | 1 . . Ballistic Cannon . | . . . Launcher . | . . . Special Weapon . | . . . Impact Weapon . | . . . Slashing Weapon 1 | . . 1 Piercing Weapon . | . . . Special Melee Weapon . | . . . Unidentified Prototypes . | . . . Parts Lost 6 | . 2 4 Power 1 | . 1 . Propulsion 2 | . 1 1 Utility 1 | . . 1 Weapon 2 | . . 2 Highest Loss Streak 3 | . 1 3 To Critical Strikes . | . . . Average Backups . | . . . Power . | . . . Propulsion . | . . . Utility . | . . . Weapon . | . . . Tool/Special . | . . . Unused Backups 2 | . . 2 Power . | . . . Propulsion . | . . . Utility 1 | . . 1 Weapon 1 | . . 1 Tool/Special . | . . . Average Slot Usage (%) 51 | . 59 44 Engine 2 | . 6 . Treads 10 | . 21 2 Device 5 | . 5 6 Protection 7 | . . 14 Energy Cannon 8 | . 11 6 Ballistic Gun 10 | . 14 7 Slashing Weapon 3 | . . 6 Peak Build Rating 7 | 4 7 7 Average Rating 5 | 3 4 5 On Entrance 3 | . 4 7 Naked Turns . | . . . Heaviest Build 7 | 4 7 6 Greatest Support 40 | 40 40 20 Greatest Overweight (x) 1 | . . 1 Average Overweight (x) . | . . . Largest Inventory Capacity 5 | 5 5 5 Average Capacity 5 | 5 5 5 Most Carried 2 | 2 1 2 Average Carried . | . . . Final Capacity 5 | 5 5 5 Final Carried 2 | . . 2 Class Distribution -------------------- 100% | Mutant Dominant Class ---------------- Mutant | -10/Materials Mutant | -10/Subcaves Resources | -11 -10 -10 ----------- Run | Yrd Mat Sub Matter Collected 313 | 167 131 15 Remotely . | . . . Salvage Created 414 | . 349 65 Parts 43 | . 34 9 Haulers Intercepted . | . . . Recyclers Shooed . | . . . Parts Field Recycled . | . . . Retrieved Matter . | . . . Parts Self-Destructed 2 | . . 2 Prevented . | . . . Kills | -11 -10 -10 ------- Run | Yrd Mat Sub Combat Hostiles Destroyed 13 | . 11 2 Melee 1 | . . 1 Guns 2 | . 1 1 Cannons 10 | . 10 . Classes Destroyed 6 | . 5 1 Builder 1 | . 1 . Operator 2 | . 2 . Watcher 1 | . 1 . Swarmer 6 | . 6 . Grunt 5 | . 5 . Subdweller 2 | . . 2 Best Kill Streak 8 | . 8 1 Combat Bots Only 8 | . 8 1 Max Kills in Single Turn 1 | . 1 1 Gunslinging . | . . . Exploded . | . . . Melee 1 | . . 1 Uniques/NPCs Destroyed . | . . . Combat | -11 -10 -10 -------- Run | Yrd Mat Sub Hostile Shots Fired 79 | . 63 16 Missed 18 | . 15 3 Hits 61 | . 48 13 Projectile 61 | . 48 13 AOE 3 | . . 3 Damage Taken 842 | . 423 419 Core 263 | . 75 188 Absorbed by Shields . | . . . Redirected to Shielding 12 | . . 12 Core Remaining (%) 100 | 100 . . Volleys Fired 62 | . 48 14 Largest 2 | . 2 2 Hottest 80 | . 80 80 Shots Fired 116 | . 93 23 Gun 58 | . 48 10 Cannon 58 | . 45 13 Launcher . | . . . Special . | . . . Kinetic 58 | . 48 10 Thermal 58 | . 45 13 Explosive . | . . . Electromagnetic . | . . . Robot Hit Streak 9 | . 9 8 Robot Miss Streak 6 | . 6 1 Penetration Max . | . . . Secondary Targets . | . . . Shots Hit Robots 63 | . 42 21 Core Hits 24 | . 20 4 Critical Kills . | . . . Critical Parts Destroyed 1 | . 1 . Critical Strikes 1 | . 1 . Destroy 1 | . 1 . Melee Attacks 14 | . . 14 Impact . | . . . Slashing 14 | . . 14 Piercing . | . . . Sneak Attacks 1 | . . 1 Combat Hostiles 1 | . . 1 Follow-up Attacks . | . . . Damage Inflicted 975 | . 616 359 Guns 185 | . 126 59 Cannons 613 | . 490 123 Explosions . | . . . Melee 177 | . . 177 Ramming . | . . . Kinetic 185 | . 126 59 Thermal 613 | . 490 123 Explosive . | . . . Electromagnetic . | . . . Impact . | . . . Slashing 177 | . . 177 Piercing . | . . . Highest Corruption . | . . . Average Corruption . | . . . Corruption Purged . | . . . Corruption Blocked . | . . . Overload Shots . | . . . Overflow Damage . | . . . Projectiles . | . . . Explosions . | . . . Melee . | . . . Knockbacks . | . . . Impact . | . . . Kinetic . | . . . Secondary . | . . . Self-Inflicted Damage . | . . . Shots . | . . . Rammed . | . . . Targets Rammed . | . . . Kicked . | . . . Crushed . | . . . Highest Temperature 274 | . 274 . Average Temperature 94 | . 94 . Received Heat Transfer 186 | . 138 48 Effects 1 | . 1 . Energy Bleed 1 | . 1 . Siege Activations . | . . . Martial Activations . | . . . Shielding Activations . | . . . Robots Disrupted . | . . . Combat Hostiles . | . . . Robots Corrupted . | . . . Combat Hostiles . | . . . Parts Fried . | . . . Impact Corruptions . | . . . Robots Melted . | . . . Combat Hostiles . | . . . Parts Melted 1 | . . 1 Heat Transferred 1295 | . 1036 259 Parts Sabotaged . | . . . Parts Stolen . | . . . Parts Stripped . | . . . Power Chain Reactions . | . . . Alert | -11 -10 -10 ------- Run | Yrd Mat Sub Maximum Alert Level 1 | . 1 . Low Security (%) 79 | 100 76 . Level 1 20 | . 23 . Level 2 . | . . . Level 3 . | . . . Level 4 . | . . . Level 5 . | . . . High Security . | . . . Max Security . | . . . Peak Influence 232 | . 232 . Initial . | . . . Average 103 | . 116 . Influence Increases 342 | . 342 . Destroy 0b10 Robot/C 220 | . 220 . Destroy 0b10 Robot/NC 20 | . 20 . Destroy Leader 42 | . 42 . Disable Machine 45 | . 45 . Lose Combat Pursuer 15 | . 15 . Influence Decreases 342 | . 187 155 Entered New Map 75 | . . 75 Time Decay 237 | . 167 70 Lost Part 30 | . 20 10 Squads Dispatched 1 | . 1 . Investigation . | . . . Extermination . | . . . Reinforcement 1 | . 1 . Assault . | . . . Garrison . | . . . Intercept . | . . . Searches Triggered . | . . . Construction Impeded . | . . . Haulers Reinforced . | . . . Active Scanning Responses . | . . . Cargo Convoy Interrupts . | . . . Stealth | -11 -10 -10 --------- Run | Yrd Mat Sub Distress Signals 1 | . 1 . Communications Jammed . | . . . Distress Signals . | . . . Times Spotted 24 | . 19 5 Peak Tracking Total 6 | . 6 2 Tactical Retreats 1 | . 1 . Traps | -11 -10 -10 ------- Run | Yrd Mat Sub Traps Triggered . | . . . Indirectly . | . . . Trap Hack Attempts . | . . . Triggered . | . . . Disarmed . | . . . Reprogrammed . | . . . Reused . | . . . Traps Extracted . | . . . Installed . | . . . Triggered . | . . . Machines | -11 -10 -10 ---------- Run | Yrd Mat Sub Machines Disabled 3 | . 3 . Max in Single Turn 1 | . 1 . Machines Repaired . | . . . Machines Dismantled . | . . . Machines Sabotaged . | . . . Overloaded Fab Kills . | . . . Hacking | -11 -10 -10 --------- Run | Yrd Mat Sub Machines Accessed . | . . . Terminals . | . . . Fabricators . | . . . Repair Stations . | . . . Recycling Units . | . . . Scanalyzers . | . . . Garrison Access . | . . . Total Hacks . | . . . Successful . | . . . Failed . | . . . Catastrophic . | . . . Database Lockouts . | . . . Manual . | . . . Terminals . | . . . Fabricators . | . . . Repair Stations . | . . . Recycling Units . | . . . Scanalyzers . | . . . Garrison Access . | . . . Terminal Hacks . | . . . Fabricator Hacks . | . . . Repair Station Hacks . | . . . Recycling Unit Hacks . | . . . Scanalyzer . | . . . Garrison Access Hacks . | . . . Unauthorized Hacks . | . . . Terminals . | . . . Fabricators . | . . . Repair Stations . | . . . Recycling Units . | . . . Scanalyzers . | . . . Garrison Access . | . . . Data Cores Recovered 1 | . 1 . Used . | . . . Hacking Detections . | . . . Full Trace Events . | . . . Feedback Events . | . . . Feedback Blocked . | . . . Robot Schematics Acquired . | . . . Robots Built . | . . . Authchips . | . . . Time . | . . . Total Robot Build Rating . | . . . Part Schematics Acquired . | . . . Parts Built . | . . . Authchips . | . . . Time . | . . . Total Part Build Rating . | . . . Parts Repaired . | . . . Time . | . . . Parts Recycled . | . . . Recycled Matter . | . . . Retrieved Matter . | . . . Retrieved Components . | . . . Parts Scanalyzed . | . . . Part Schematics Acquired . | . . . Parts Damaged . | . . . Bothacking | -11 -10 -10 ------------ Run | Yrd Mat Sub Used RIF Installer . | . . . Robots Hacked . | . . . Non-combat . | . . . Combat . | . . . Robot Hacks Applied . | . . . Relay Couplers Released . | . . . Fabnet Peak Effective % . | . . . Robots Rewired . | . . . Allies Hacked . | . . . Hacks Repelled . | . . . Allies | -11 -10 -10 -------- Run | Yrd Mat Sub Total Allies . | . . . Largest Group . | . . . Highest-Rated Group . | . . . Highest-Rated Ally . | . . . Total Orders . | . . . Ally Attacks . | . . . Total Damage . | . . . Kills . | . . . Allies Corrupted . | . . . Allies Melted . | . . . Intel | -11 -10 -10 ------- Run | Yrd Mat Sub Active Infowar (turns) . | . . . Robot Analysis Total . | . . . Derelict Logs Recovered . | . . . Drone Launches . | . . . Drone Recoveries . | . . . Exploration | -11 -10 -10 ------------- Run | Yrd Mat Sub Turns Passed 1060 | 58 466 536 Spaces Moved 522 | 40 206 276 Core 269 | 12 . 257 Treads 253 | 28 206 19 Legs . | . . . Wheels . | . . . Hover . | . . . Flight . | . . . Fastest Speed 50 | 50 160 50 Average Speed 125 | 127 160 99 Slowest Speed 160 | 160 160 160 Overloaded Moves . | . . . Propulsion Burnouts . | . . . Robots Hopped . | . . . Potential Cave-ins . | . . . Cave-ins Triggered . | . . . Exploration Rate (%) 24 | 4 44 25 Regions Visited 2 Branch Regions 1 Pre-discovered Areas 1 | . . 1 Known Exits Taken . | . . . Unknown Exits Taken 2 | 1 1 . Scrap Searched . | . . . Spaces Dug 2 | . . 2 Terrain Destroyed 2 | . . 2 Melee 2 | . . 2 Projectile . | . . . AOE . | . . . Terrain Rammed . | . . . Walls Destroyed . | . . . Machines Disabled . | . . . Actions | -11 -10 -10 --------- Run | Yrd Mat Sub Total 808 | 47 259 502 Wait 194 | . . 194 Move 520 | 39 205 276 Hop . | . . . Pick Up 10 | 4 3 3 Fast Attach . | . . . Attach 8 | 4 3 1 Detach . | . . . Swap . | . . . Drop . | . . . Fire 62 | . 48 14 Melee 14 | . . 14 Ram . | . . . Kick . | . . . Crush . | . . . Escape Stasis . | . . . Rewire . | . . . Trap . | . . . Miscellaneous . | . . . Route ------- -11/Scrapyard -10/Materials (discovered 2 exits: [*Mat] / [*Sub]) -10/Subcaves History --------- Turn | Location | Event 2 | -11/Scrapyard | Discovered new exit (range 16) 59 | -11/Scrapyard | Entered Materials 166 | -10/Materials | Discovered new exit (range 12) 303 | -10/Materials | Build established: Mutant 331 | -10/Materials | Destroyed 8 combat bots 470 | -10/Materials | Discovered new exit (range 7) 525 | -10/Materials | Entered Subcaves 526 | -10/Subcaves | Approached by a straggling Scientist 581 | -10/Subcaves | Core integrity fell below 50% 748 | -10/Subcaves | Shifting Twisted Machinery released Mak. Hammer 755 | -10/Subcaves | Shifting Twisted Machinery released Mak. Axe 804 | -10/Subcaves | Core integrity fell below 20% 836 | -10/Subcaves | Lost 3 parts (1u2w) 855 | -10/Subcaves | Learned location of Zion (-7) 855 | -10/Subcaves | Met a Zionite searching for "candidates" 924 | -10/Subcaves | Shifting Twisted Machinery released Sub. Machine Gun 1061 | -10/Subcaves | Destroyed by KP-FN9(R) with Subdweller Machine Gun Last Messages --------------- here" Acquired Mak. Axe. 38-L07(c) destroyed. Subatomizers dissect the Lgt. Ion Engine. Lgt. Assault Rifle destroyed. GR-N9V(R) destroyed. Acquired 6 matter. Subatomizers dissect the Sub. Laser. Acquired Machine Analyzer. 7E-MYH(z): "She is not going to be happy we haven't found any suitable candidates yet." 7E-MYH(z): "Hey you! It's really dangerous down here, I feel that you could die at any moment. For your health and safety might I suggest a trip to Zion?" World map updated: -7/Zion. Sub. Machine Gun falls loose from the Twisted Machinery. Acquired Sub. Machine Gun. Sneak attack on KP-FN9(R). Map ----- +----------------------------------------------------+ | ?????????????????????????????????????????????????? | | ?????????????????????????????????????????????????? | | ?????????????????????????????????????????????????? | | ?????????????????????????????????????????????????? | | ?????????????????????????????????????????????????? | | ?????????????????????????????????????????????????? | | ?????????????????????????????????????????????????? | | ?????????????????????????????????????????????????? | | ?????????????????????????????????????????????????? | | ?????????????????????????????????????????????????? | | ?????????????????????????????????? ?????????????? | | ??????????????????????????????? ## #????????????? | | ??????????????????????????????? #??? ????????? | | ???????????????????????????????? #??? ??????? | | ???????????????????????????????? #?? ?????? | | ???????????????????????????????? ### ?????? | | ???????????????????????????????? ?????? | | ???????????????????????????????? ??????? | | ????????????????????????????????# ??????? | | ?????????????????????????#####?## ???????? | | ????????????# ????????#### ### ????????? | | ????????????? ????## ## ?????????? | | ???????????????# ### #????????????? | | ?????????????### ##???????????? | | ???????????# R #???????????? | | ???????????# @ #???????????? | | ???????????# ## #???????????? | | ???????????## ?######""";###???????????? | | ????????????### ## ??????##"" #?????????????? | | ??????????????## ??## ???????#"""#?????????????? | | ???????????????# ????# ???????#"" #?????????????? | | ???????????????#????? ??????##"" #?????????????? | | ?????????????????????"#???????# "" #?????????????? | | ????????????????????? ????????### ####??????????? | | ????????????????????# ??????????## ""##?????????? | | ????????????????????# ???????????#"" #?????????? | | ?????????????????????????????????## #?????????? | | ?????????????????????????????????## #?????????? | | ??????????????????????????????#### #?????????? | | ?????????????????????????????## #???#""#??? | | ?????????????????????????????# #???"""##?? | | ?????????????????????????????## #???#"""#?? | | ??????????????????????????????### ###?#"""##? | | ????????????????????????????????## ###""" #? | | ?????????????????????????????????# ## " #? | | ?????????????????????????????????###?# ## | | ?????????????????????????????????????# # " | | ?????????????????????????????????###?# ""##""" | | ?????????????????????????????????# ### "###"" "" | | ?????????????????????????????????# "#?#"""" | +----------------------------------------------------+ Best States ------------- Heat Dissipation 39 Energy Generation 10 Energy Capacity 125 Matter Stores 300 Matter Capacity 300 Sight Range 16 Terrain Scan Density 10 Utility Shielding 33 Evasion (%) 50 Recoil Reduction 2 Item Schematics ----------------- None Robot Schematics ------------------ None Fabricated ------------ Nothing Repaired ---------- Nothing Alien Tech Used ----------------- None Achievements -------------- None Challenges ------------ None Game ------ Seed AerolevVoltaicAutogun Manual? 0 Play Time 00:07:40 Cumulative 67.1 hours Start 2025.07.23 @ 20:37:13 End 2025.07.23 @ 20:42:24 Sessions 1 Manual Loads 0 Difficulty Rogue Special Mode None Game No. 279 Rogue 279 Adventurer 0 Explorer 0 Win Type - Total 0 Types 0/0/0/0/0/0/0/0/0/0 Lore% 43 Gallery% 32 Achievement% 26 Wizard Run 0 Options --------- Layout 2 ASCII 0 Keyboard 0 Movement Mouse Keybinds 0 Fullscreen 1 Font 24/Terminus Map View 50x44 Zoom Use 0% Tactical HUD 0 Map Filters NONE Filters NONE Steam 1 RUN: d0ce486d-7a26-4a3f-acec-2d41f2dffa0e